 Dungeon Crawl Stone Soup version 0.31-a0-83-gbff143cfd1 (webtiles) character file.

Game seed: 105955551080714477

65 Strat the Sneak (level 4, -1/27 HPs)
             Began as a Kobold Brigand on May 24, 2023.
             Was an Initiate of Wu Jian.
             Slain by a gnoll
             ... wielding a +0 club
              (5 damage)
             ... on level 2 of the Dungeon.
             The game lasted 00:01:56 (1513 turns).

Strat the Sneak (Kobold Brigand)                    Turns: 1513, Time: 00:01:57

Health: -1/27      AC:  3    Str:  8    XL:     4   Next: 35%
Magic:  4/4        EV: 15    Int: 12    God:    Wu Jian [......]
Gold:   135        SH:  0    Dex: 18    Spells: 3/3 levels left

rFire   . . .        a - +2 dagger
rCold   . . .        (no shield)
rNeg    . . .        b - +0 robe
rPois   .            (no helmet)
rElec   .            c - +0 cloak
rCorr   .            (no gloves)
SInv    .            (no boots)
Will    .....        (no amulet)
Stlth   ++++         (no ring)
HPRegen 0.24/turn    (no ring)
MPRegen 0.09/turn

%: no passive effects
@: no status effects
A: small, no large weapons, nightstalker 3
a: Renounce Religion


You were on level 2 of the Dungeon.
You worshipped Wu Jian.
Wu Jian was noncommittal.
You visited 1 branch of the dungeon, and saw 2 of its levels.

You collected 135 gold pieces.

Inventory:

Hand Weapons
 a - a +2 dagger (weapon)
Missiles
 d - 12 poisoned darts (quivered)
 e - 3 curare-tipped darts
Armour
 b - a +0 robe (worn)
 c - a +0 cloak (worn)
Scrolls
 f - 3 scrolls of teleportation {unknown}
 h - a scroll of magic mapping {unknown}
 i - a scroll of poison {unknown}
 j - 2 scrolls of enchant weapon {unknown}
 l - 2 scrolls of identify {unknown}
Potions
 g - 2 potions of attraction {unknown}
 k - a potion of invisibility {unknown}


   Skills:
 + Level 2.7 Fighting
 * Level 4.0 Short Blades
 - Level 2.1 Throwing
 + Level 2.1 Dodging
 * Level 6.2 Stealth


You had 3 spell levels left.
You didn't know any spells.
Your spell library contained the following spells:

 Spells                   Type           Power      Damage    Failure   Level
 Ensorcelled Hibernation  Hex/Ice        0%         N/A       45%         2
 Passwall                 Tmut/Erth      0%         N/A       45%         2
 Call Canine Familiar     Summ           0%         N/A       69%         3
 Portal Projectile        Hex/Tloc       0%         N/A       69%         3
 Swiftness                Air            0%         N/A       69%         3
 Vhi's Electric Charge    Tloc/Air       0%         N/A       69%         3
 Leda's Liquefaction      Hex/Erth       0%         N/A       97%         4
 Arcjolt                  Conj/Air       0%         1d10      100%        5
 Plasma Beam              Fire/Air       0%         2x1d11    100%        6


Dungeon Overview and Level Annotations

Branches:
Dungeon (2/15)

Altars:
Wu Jian


Innate Abilities, Weirdness & Mutations

You are small and have problems with some larger weapons.
You are completely attuned to the shadows.


Message History

The helpless giant cockroach fails to defend itself.
You stick the giant cockroach like a pincushion!!!
You kill the giant cockroach!
The Council accepts your kill.
No target in view!
You see here a giant cockroach corpse.
You pick up a book of the Hunter and begin reading...
You add the spells Call Canine Familiar, Portal Projectile and Leda's Liquefaction to your library.
A goblin comes into view. It is wielding a +0 club.
The helpless goblin fails to defend itself.
You stick the goblin like a pincushion!!!
You kill the goblin!
The Council accepts your kill.
Your Short Blades skill increases to level 4!
You see here a +0 club.
There is a shaft here.
l - 2 scrolls labelled AREANOFFABBEL (gained 1)
You see here a +0 club.
A gnoll comes into view. It is wielding a +0 club.
The gnoll shouts! x2; You hear a shout! x2
You hit the gnoll.
The gnoll is moderately wounded.
The gnoll closely misses you.
The gnoll hits you from afar with a +0 halberd!
The gnoll attacks as you move away! The gnoll barely misses you.
The gnoll attacks as you move away! The gnoll hits you with a +0 club.
* * * LOW HITPOINT WARNING * * *
The gnoll barely misses you. The gnoll attacks as you move away!
The gnoll closely misses you. The gnoll attacks as you move away!
The gnoll barely misses you. The gnoll attacks as you move away!
The gnoll closely misses you. The gnoll attacks as you move away!
The gnoll barely misses you. The gnoll attacks as you move away!
The gnoll hits you with a +0 club!
* * * LOW HITPOINT WARNING * * *
The gnoll attacks as you move away! The gnoll hits you with a +0 club.
* * * LOW HITPOINT WARNING * * *
The gnoll attacks as you move away! The gnoll hits you with a +0 club.
* * * LOW HITPOINT WARNING * * *
The gnoll attacks as you move away! The gnoll hits you with a +0 club.
You die...

#.#..........###
#.#..........# #
#.#.....)....# #
#.##### .###.###
####.### ......##
#>......#####......
#.##.....gg........
###.###.#...g##......
#...@...####.........
#.##g#### ###.......
#.##.#######.........
#.##.g...............
#.####.#g###.#####.##
#[..(..#.# #.# #...
########.# #.# ###.
#.....###.########
###.....##..........


You could see 2 gnolls.

Vanquished Creatures
  2 adders (D:2)
  A worm (D:2)
  A dart slug (D:2)
  5 ball pythons
  4 endoplasms
  2 giant cockroaches
  5 goblins
  2 hobgoblins
  4 jackals (D:1)
  2 quokkas
  3 bats (D:2)
  3 frilled lizards
  A kobold (D:1)
  5 rats
40 creatures vanquished.

Notes
Turn   | Place    | Note
-------+----------+-------------------------------------------
     0 | D:1      | Strat the Kobold Brigand began the quest for the Orb.
     0 | D:1      | Reached XP level 1. HP: 12/12 MP: 1/1
   145 | D:1      | Reached XP level 2. HP: 17/17 MP: 2/2
   294 | D:1      | Reached XP level 3. HP: 19/22 MP: 3/3
   714 | D:2      | Found an ornate altar of the Wu Jian Council.
   724 | D:2      | Became a worshipper of the Wu Jian Council
   895 | D:2      | Reached skill level 6 in Stealth
  1150 | D:2      | Reached XP level 4. HP: 22/27 MP: 4/4
  1513 | D:2      | Slain by a gnoll

Illustrated notes

Levels and vault maps discovered:
D:1:      minmay_arrival_pointy, layout_rooms
D:2:      layout_basic, basic_altar, minmay_split_cup_small

Skill      XL: |  1  2  3  4 |
---------------+-------------+-----
Short Blades   | 3 4 |  4.0
Dodging        | 2 |  2.1
Stealth        | 6 |  6.2
Fighting       | |  2.7
Throwing       | |  2.1

Action                     |  1- 3 |  4- 6 || total
---------------------------+-------+-------++-------
  Melee: Dagger            |    69 |    11 ||    80
Ability: Lunge             |     7 |     4 ||    11
   Stab: Sleeping          |    19 |     5 ||    24
 Armour: Robe              |     6 |     1 ||     7
  Dodge: Dodged            |    37 |     8 ||    45

Table legend: (Time is in decaauts)
 A = Elapsed time spent in this place.
 B = Non-inter-level travel time spent in this place.
 C = Inter-level travel time spent in this place.
 D = Time resting spent in this place.
 E = Time spent auto-exploring this place.
 F = Levels seen in this place.
 G = Mean time per level.
                   A        B        C        D        E       F      G
               +--------+--------+--------+--------+--------+-----+--------+
         Total |   1501 |   1498 |      3 |      0 |   1229 |   2 |  750.5 |
       Dungeon |   1501 |   1498 |      3 |      0 |   1229 |   2 |  750.5 |
               +--------+--------+--------+--------+--------+-----+--------+

Top non-repeatable levels by time:
     D:2: 823 daAuts
     D:1: 678 daAuts
